 Dungeon Crawl Stone Soup version 0.30-a0-702-gdf48620a09 (webtiles) character file.

Game seed: 13054332538338875403

13692 experimilk the Destroyer (level 11, -1/74 HPs)
             Began as a Yellow Draconian Conjurer on Jan 21, 2023.
             Was an Elder of Vehumet.
             Slain by a sixfirhy (5 damage)
             ... in a Gauntlet.
             The game lasted 00:40:07 (17468 turns).

experimilk the Destroyer (DrCj)                    Turns: 17468, Time: 00:40:08

Health: -1/74      AC: 10    Str:  9    XL:     11   Next: 78%
Magic:  2/24       EV: 11    Int: 22    God:    Vehumet [****..]
Gold:   863        SH:  3    Dex: 11    Spells: 5/28 levels left

rFire   . . .      SeeInvis +    r - +1 short sword (protect)
rCold   . . .      Faith    .    T - +0 buckler
rNeg    . . .      Spirit   .    (body armour unavailable)
rPois   .          Reflect  .    (helmet restricted)
rElec   .          Harm     .    v - +0 cloak
rCorr   +          Rampage  .    H - +0 pair of gloves
Will    .....      NoTele   +    b - +0 pair of boots
Stlth   ++                       (no amulet)
HPRegen 0.32/turn                C - ring of wizardry
MPRegen 0.19/turn                u - ring of see invisible

@: no status effects
A: spit acid, AC +7, unfitting armour, cold-blooded, acid resistance
a: Breathe Acid, Renounce Religion


You were in a Gauntlet.
You worshipped Vehumet.
Vehumet was greatly pleased with you.
You visited 3 branches of the dungeon, and saw 13 of its levels.
You also visited: Sewer and Gauntlet.

You collected 863 gold pieces.

Inventory:

Hand Weapons
 f - a +0 club
 r - a +1 short sword of protection (weapon)
Missiles
 a - 7 throwing nets
Armour
 b - a +0 pair of boots (worn)
 v - a +0 cloak (worn)
 H - a +0 pair of gloves (worn)
 T - a +0 buckler (worn)
Magical Staves
 G - a staff of earth
Jewellery
 c - a ring of ice
 d - a ring of protection from cold
 h - a ring of willpower
 o - a ring of flight
 u - a ring of see invisible (right hand)
 C - a ring of wizardry (left hand)
 N - a ring of positive energy
Wands
 y - a wand of mindburst (47)
 B - a wand of roots (3)
 K - a wand of flame (20)
 L - a wand of digging (2)
 R - a wand of paralysis (6)
Scrolls
 g - a scroll of amnesia
 i - 2 scrolls of blinking
 m - 3 scrolls of vulnerability
 n - a scroll of enchant armour {unknown}
 D - 2 scrolls of torment
 F - 6 scrolls of teleportation
 J - 3 scrolls of fear
 M - a scroll of butterflies {unknown}
 Q - 2 scrolls of enchant weapon
 S - 4 scrolls of poison
Potions
 e - 3 potions of invisibility
 j - 4 potions of curing
 k - 2 potions of haste
 l - 2 potions of berserk rage
 p - 2 potions of might
 q - a potion of mutation
 s - a potion of resistance
 t - a potion of brilliance
 w - a potion of cancellation
 z - a potion of heal wounds {unknown}
 A - a potion of lignification {unknown}
 E - a potion of degeneration {unknown}
 I - a potion of attraction {unknown}
 P - a potion of flight {unknown}


   Skills:
 - Level 1.7 Dodging
 - Level 1.7 Stealth
 - Level 9.0 Spellcasting
 - Level 13.4 Conjurations
 + Level 5.8 Translocations
 - Level 9.0 Earth Magic


You had 5 spell levels left.
You knew the following spells:

 Your Spells              Type           Power      Damage    Failure   Level
a - Magic Dart            Conj           100%       1d8       1%          1
c - Iskenderun's Battles  Conj           62%        2d11      1%          5
e - Passwall              Tmut/Erth      24%        N/A       1%          2
g - Gell's Gravitas       Tloc           35%        N/A       1%          3
r - Searing Ray           Conj           100%       2d8       1%          2
x - Iskenderun's Mystic   Conj/Tloc      51%        2d11      1%          4
z - Iron Shot             Conj/Erth      28%        9d6       1%          6

Your spell library contained the following spells:

 Spells                   Type           Power      Damage    Failure   Level
 Airstrike                Air            4%         2d(1-17)  10%         4
 Apportation              Tloc           70%        N/A       1%          1
 Freeze                   Ice            36%        1d5       1%          1
 Dazzling Flash           Conj/Hex       78%        N/A       1%          3
 Hailstorm                Conj/Ice       39%        3d9       1%          3
 Teleport Other           Tloc           35%        N/A       1%          3
 Fulminant Prism          Conj/Hex       19%        3d10      1%          4
 Irradiate                Conj/Tmut      19%        3d18      1%          5
 Frozen Ramparts          Ice            18%        1d3       3%          3
 Ensorcelled Hibernation  Hex/Ice        18%        N/A       6%          2
 Sublimation of Blood     Necr           9%         N/A       6%          2
 Petrify                  Tmut/Erth      29%        N/A       6%          4
 Swiftness                Air            9%         N/A       11%         3
 Alistair's Intoxication  Tmut/Pois      6%         N/A       65%         5
 Spellforged Servitor     Conj/Summ      19%        N/A       41%         7
 Dispersal                Tloc           17%        N/A       45%         6


Dungeon Overview and Level Annotations

Branches:
Dungeon (11/15)            Temple (1/1) D:5            Lair (1/5) D:11
    Orc (0/2) D:10          Sewer (visited)         Gauntlet (1/1)

Altars:
Cheibriados
Dithmenos
Elyvilon
Fedhas
Gozag
Hepliaklqana
Makhleb
Nemelex Xobeh
Okawaru
Qazlal
Ru
Sif Muna
Trog
Vehumet
Wu Jian
Xom
Zin
The Shining One

Shops:
D:2 =   D:9 (   D:10 [

Annotations:
D:1 dig
D:7 3 runed translucent doors, TheSexyCheese's ghost, novice DrAE
D:8 dig Gauntlet 7 transporters, 1 runed translucent door


Innate Abilities, Weirdness & Mutations

You can spit globs of acid.
Your golden yellow scales are hard. (AC +7)
You cannot fit into any form of body armour.
You are cold-blooded and may be slowed by cold attacks.
You are resistant to acid. (rCorr)


Message History

You kill the ufetubus!
Vehumet accepts your kill. The sixfirhy closely misses you.
There is an open translucent door here.
You closely miss the ufetubus.
The sixfirhy hits you but does no damage. x2
The sixfirhy hits you. The sixfirhy shocks you!
You block the ufetubus's attack. The ufetubus barely misses you.
The sixfirhy hits you! The sixfirhy shocks you!
The ufetubus barely misses you. x2
Casting: Iron Shot (dangerous; 1% risk of failure)
Confirm with . or Enter, or press ? or * to list all spells.
You erupt in a blast of force!
The mystic blast hits the ufetubus!
You kill the ufetubus!
Vehumet accepts your kill.
Vehumet offers you knowledge of Airstrike.
The mystic blast hits the sixfirhy!
The sixfirhy is moderately wounded.
The mystic blast hits the ufetubus!!
You kill the ufetubus!
Vehumet accepts your kill.
You feel your power returning. The sixfirhy barely misses you.
The sixfirhy hits you! The sixfirhy shocks you!
* * * LOW HITPOINT WARNING * * *
Casting: Iskenderun's Mystic Blast (safe; 1% risk of failure)
Confirm with . or Enter, or press ? or * to list all spells.
You erupt in a blast of force!
The mystic blast hits the sixfirhy!
The sixfirhy is severely wounded.
Casting: Iskenderun's Mystic Blast (safe; 1% risk of failure)
Confirm with . or Enter, or press ? or * to list all spells.
You erupt in a blast of force!
The mystic blast hits the sixfirhy!
The sixfirhy is almost dead.
The sixfirhy closely misses you.
Your +1 short sword of protection hums with potential!
r - a +1 short sword of protection (weapon)
The sixfirhy hits you!
* * * LOW HITPOINT WARNING * * *
The sixfirhy shocks you!
* * * LOW HITPOINT WARNING * * *
The sixfirhy hits you.
You die...

....9Y#.≈##
#.#########.##
.......©#....≈##
.#.8.8.8.8.8.#.8..≈≈#
.#©.........©#....≈##
#################.##
#.#...#.####©####.≈##
.=#.#.#.###?[.###.≈≈#
..[#.#.#.#..##@..#.≈##
####©.#h#.#..#©#3.#.##
#.....#h#.#..+##..#.≈##
#.####.y#.###...###.≈≈#
#...hh..#.###...###.≈##
#########.#########.##
....©.........©.....≈#
≈≈≈#..∩.8.∩..#≈≈≈#≈≈≈#
≈ ##.......###≈###≈##


You could see a sixfirhy.

Vanquished Creatures
  Harold (D:9)
  A two-headed ogre (D:11)
  2 boulder beetles (D:11)
  2 gargoyles
  3 unseen horror zombies (D:9)
  An unseen horror (D:11)
  3 trolls
  2 wraiths (D:11)
  Eustachio (D:5)
  A wyvern (D:9)
  2 vampires
  15 yaks
  4 steam dragons
  A basilisk (Lair:1)
  3 acid dragons
  A water moccasin (D:8)
  Duvessa (D:4)
  2 ice beasts
  A sky beast (D:7)
  2 orc warriors
  A hornet zombie (D:9)
  5 centaurs
  2 phantoms
  3 kobold brigands
  2 bullfrogs
  A scorpion (D:5)
  23 wights
  Dowan (D:4)
  15 killer bees
  2 lava snakes (D:7)
  3 howler monkeys
  9 centaur zombies (D:9)
  A jelly (D:5)
  2 orc priests (D:9)
  2 hounds
  3 iguanas
  Terence (D:2)
  Natasha (thrice) (D:2)
  8 orc wizards
  Robin (D:2)
  15 gnolls
  A howler monkey zombie (D:9)
  10 adders
  A white imp (D:5)
  5 ufetubi
  5 dart slugs
  40 orcs
  9 bats
  6 endoplasms
  10 giant cockroaches
  16 goblins
  10 hobgoblins
  3 jackals (D:2)
  A quokka (D:1)
  A ball python (D:3)
  2 frilled lizards
  10 kobolds
  7 rats
289 creatures vanquished.

Vanquished Creatures (others)
  3 demonic plants (D:3)
  8 fungi (D:3)
  10 plants
  8 withered plants
29 creatures vanquished.

Grand Total: 318 creatures vanquished

Notes
Turn   | Place    | Note
-------+----------+-------------------------------------------
     0 | D:1      | experimilk the Draconian Conjurer began the quest for the
                  | Orb.
     0 | D:1      | Reached XP level 1. HP: 14/14 MP: 3/3
   513 | D:1      | Reached XP level 2. HP: 20/20 MP: 1/5
   519 | D:1      | Learned a level 2 spell: Searing Ray
   847 | D:2      | Reached skill level 5 in Conjurations
   848 | D:2      | Reached XP level 3. HP: 26/26 MP: 0/6
  1508 | D:2      | Found Akhyun's Jewellery Boutique.
  1520 | D:2      | Noticed Natasha
  1538 | D:2      | Killed Natasha
  1539 | D:2      | Reached XP level 4. HP: 7/33 MP: 1/7
  1654 | D:2      | Noticed Robin
  1699 | D:2      | Noticed Natasha
  1704 | D:2      | Killed Natasha
  1981 | D:2      | Killed Robin
  2174 | D:2      | Reached XP level 5. HP: 38/38 MP: 3/9
  2278 | D:2      | Reached skill level 6 in Conjurations
  2535 | D:2      | Noticed Natasha
  2540 | D:2      | Killed Natasha
  2673 | D:2      | Noticed Terence
  2683 | D:2      | Killed Terence
  2690 | D:2      | Learned a level 5 spell: Iskenderun's Battlesphere
  2933 | D:3      | Found a faded altar of an unknown god.
  3297 | D:3      | Found a glowing drain.
  3329 | Sewer    | Entered a sewer
  3364 | Sewer    | Reached XP level 6. HP: 35/45 MP: 0/11
  3593 | Sewer    | Reached skill level 7 in Conjurations
  3992 | D:3      | Found a stormy altar of Qazlal.
  4004 | D:3      | Noticed a water elemental
  4005 | D:3      | Noticed an air elemental
  4005 | D:3      | Noticed a fire elemental
  4487 | D:4      | Your scales start taking on a golden yellow colour.
  4487 | D:4      | Reached XP level 7. HP: 40/50 MP: 1/13
  4487 | D:4      | Gained mutation: You are resistant to acid. (rCorr) [Yellow
                  | Draconian growth]
  4762 | D:4      | You fall into a shaft and drop 1 floor!
  4762 | D:5      | Entered Level 5 of the Dungeon
  4893 | D:5      | Found a staircase to the Ecumenical Temple.
  4922 | Temple   | Entered the Ecumenical Temple
  4929 | Temple   | Became a worshipper of Vehumet
  4966 | D:5      | Reached skill level 8 in Conjurations
  5371 | D:5      | Noticed Eustachio
  5385 | D:5      | Killed Eustachio
  5386 | D:5      | Reached skill level 5 in Spellcasting
  5386 | D:5      | Reached skill level 9 in Conjurations
  5386 | D:5      | Reached XP level 8. HP: 57/57 MP: 3/15
  5389 | D:5      | Learned a level 2 spell: Passwall
  5664 | D:5      | Reached * piety under Vehumet
  5664 | D:5      | Offered knowledge of Sandblast by Vehumet.
  5810 | D:5      | Found an iron altar of Okawaru.
  5811 | D:5      | Found a sparkling altar of Nemelex Xobeh.
  5876 | D:5      | Reached skill level 1 in Earth Magic
  6502 | D:4      | Noticed Duvessa
  6502 | D:4      | Noticed Dowan
  6507 | D:4      | Killed Duvessa
  6508 | D:4      | Killed Dowan
  7231 | D:6      | Reached skill level 10 in Conjurations
  7652 | D:6      | Offered knowledge of Kiss of Death by Vehumet.
  7653 | D:6      | Reached XP level 9. HP: 62/62 MP: 4/16
  7737 | D:6      | Learned a level 4 spell: Iskenderun's Mystic Blast
  8139 | D:6      | Found a sacrificial altar of Ru.
  8193 | D:6      | Found a blossoming altar of Fedhas.
  8318 | D:7      | Reached skill level 11 in Conjurations
  8374 | D:7      | Reached ** piety under Vehumet
  8710 | D:7      | Reached skill level 5 in Earth Magic
  8989 | D:7      | Found a runed translucent gate.
  8990 | D:7      | Found a runed translucent gate.
  8991 | D:7      | Found a runed translucent gate.
  8992 | D:7      | Noticed TheSexyCheese's ghost (novice DrAE)
  9386 | D:7      | Offered knowledge of Momentum Strike by Vehumet.
 10072 | D:8      | Reached *** piety under Vehumet
 10402 | D:8      | Reached XP level 10. HP: 69/69 MP: 8/18
 10888 | D:8      | Noticed a gargoyle
 10929 | D:8      | Learned a level 6 spell: Iron Shot
 11471 | D:8      | Reached skill level 12 in Conjurations
 11481 | D:8      | Killed a gargoyle
 12365 | D:9      | Offered knowledge of Flame Wave by Vehumet.
 12809 | D:9      | Reached skill level 13 in Conjurations
 12935 | D:9      | Reached skill level 1 in Translocations
 13172 | D:9      | Found an ornate altar of the Wu Jian Council.
 13186 | D:9      | Noticed Harold
 13193 | D:9      | Killed Harold
 13615 | D:9      | Found Jurghuemi's Antique Weapon Shop.
 13634 | D:9      | Reached XP level 11. HP: 64/74 MP: 4/22
 13807 | D:9      | Found a shimmering blue altar of Sif Muna.
 14024 | D:10     | Entered Level 10 of the Dungeon
 14335 | D:10     | Found a snail-covered altar of Cheibriados.
 14335 | D:10     | Found Cheibriados's Comfort Zone.
 14563 | D:10     | Found a snail-covered altar of Cheibriados.
 14945 | D:10     | Reached **** piety under Vehumet
 15149 | D:10     | Found a hazy altar of Hepliaklqana.
 15190 | D:10     | Found a staircase to the Orcish Mines.
 15724 | D:11     | Noticed a boulder beetle
 15740 | D:11     | Killed a boulder beetle
 16280 | D:11     | Found a staircase to the Lair.
 16393 | D:11     | Noticed a two-headed ogre
 16395 | D:11     | Noticed a boulder beetle
 16397 | D:11     | Killed a two-headed ogre
 16537 | D:11     | Killed a boulder beetle
 16746 | D:11     | Found a sparkling altar of Nemelex Xobeh.
 16802 | D:11     | Reached skill level 5 in Translocations
 17083 | Lair:1   | Entered Level 1 of the Lair of Beasts
 17091 | Lair:1   | Learned a level 3 spell: Gell's Gravitas
 17131 | Lair:1   | Found a gate leading to a gauntlet.
 17140 | Gauntlet | Entered a Gauntlet
 17140 | Gauntlet | Found a transporter.
 17140 | Gauntlet | Found a transporter.
 17140 | Gauntlet | Found a runed translucent door.
 17141 | Gauntlet | Noticed a sixfirhy
 17328 | Gauntlet | Found a runed translucent door.
 17329 | Gauntlet | Found a transporter.
 17350 | Gauntlet | Found a transporter.
 17352 | Gauntlet | Noticed a catoblepas
 17361 | Gauntlet | Found a transporter.
 17362 | Gauntlet | Found a transporter.
 17370 | Gauntlet | Found a transporter.
 17370 | Gauntlet | Noticed a catoblepas
 17385 | Gauntlet | Noticed a ghost crab
 17386 | Gauntlet | Found a transporter.
 17465 | Gauntlet | Offered knowledge of Airstrike by Vehumet.
 17468 | Gauntlet | Slain by a sixfirhy

Illustrated notes

Levels and vault maps discovered:
D:1:      lemuel_arrival_river_ford, layout_loops_ring, minmay_surrounded
D:2:      minmay_recursive_quarters, layout_basic, serial_shops, shop,
          minmay_misc_feat_iff, grunt_ministairs_14, uniq_terence, uniq_natasha,
          uniq_robin
D:3:      layout_loops_cross, nicolae_qazlal_style_of_elements,
          gup_sewer_entry_glass, shapermc_ecumenical_altar_gd
D:4:      dreamdust_elfheim, layout_cave_pools, kennysheep_generic_room_8
D:5:      nicolae_cairo_tiling_very_big, layout_basic,
          mainiacjoe_overflow_divided_tiny, chequers_serial_rivers_micro_e,
          uniq_eustachio
D:6:      layout_cave_pools, fedhas_bush_and_centaur_altar, kennysheep_mini_moat
D:7:      layout_loops_cross, gammafunk_ghost_nasty_kobolds, kennysheep_path_1,
          kennysheep_generic_room_11
D:8:      layout_loops_ring, onia_ninara_dug_in_and_dangerous
D:9:      layout_gridville, led_sif_pool, lemuel_crystal_altar, serial_undead,
          serial_undead_a, serial_undead_f, serial_undead_b, serial_undead_f,
          serial_undead_c, serial_undead_b, serial_shops, shop_coins,
          uniq_harold
D:10:     layout_gridville, mainiacjoe_overflow_cross_hatched,
          mainiacjoe_overflow_surrounded_room, orc_0_dummy, minmay_shop_chei
D:11:     layout_roguey, lair_entry_dummy, nemelex_diamond_rough_becter
Temple:   nicolae_temple_ecumenical_triangle
Lair:1:   layout_hall_layers, serial_forest, infiniplex_forest_straight_4,
          infiniplex_forest_lined_ring, infiniplex_forest_end_3,
          infiniplex_forest_straight_3, infiniplex_forest_straight_4,
          infiniplex_forest_end_3, infiniplex_forest_pool,
          infiniplex_forest_zigzag_1, infiniplex_forest_end_double,
          infiniplex_forest_straight_2, gauntlet_entry_generic,
          pdpol_lair_neglected_garden
Gauntlet: minmay_gauntlet_77_indecision
          [minmay_gauntlet_arena_77_radiant_squares,
          minmay_gauntlet_arena_77_cramped,
          minmay_gauntlet_arena_77_tiled_triplets, minmay_gauntlet_arena_77_box,
          minmay_gauntlet_arena_77_double_cross,
          minmay_gauntlet_arena_77_broken_ladder, gauntlet_exit_green]

Skill      XL: |  1  2  3  4  5  6  7  8  9 10 11 |
---------------+----------------------------------+-----
Conjurations   | 5 6 7 9 10 11 13 | 13.4
Spellcasting   | 3 4 5 7 9 |  9.0
Earth Magic    | 3 6 7 9 |  9.0
Translocations | 1 5 |  5.8
Dodging        | |  1.7
Stealth        | |  1.7

Action                   |  1- 3 |  4- 6 |  7- 9 | 10-12 || total
-------------------------+-------+-------+-------+-------++-------
Melee: Club              |    31 |     6 |       |       ||    37
       Tailslap          |     2 |     5 |     2 |     4 ||    13
       Short sword       |       |    15 |    11 |    11 ||    37
       Staff             |       |       |       |    17 ||    17
 Cast: Magic Dart        |    41 |    73 |   177 |    73 ||   364
       Searing Ray       |     5 |    28 |    38 |     9 ||    80
       Iskenderun's Batt |       |       |    35 |    39 ||    74
       Iskenderun's Myst |       |       |     2 |    13 ||    15
       Iron Shot         |       |       |       |    48 ||    48
       Gell's Gravitas   |       |       |       |     1 ||     1
 Abil: Breathe Acid      |       |       |    12 |     9 ||    21
Evoke: Wand              |       |       |       |     4 ||     4
  Use: Potion            |     1 |     1 |     1 |     1 ||     4
       Scroll            |       |     8 |     6 |    10 ||    24
Armor: Skin              |    15 |    22 |    29 |    55 ||   121
Dodge: Dodged            |    31 |    36 |    64 |    72 ||   203
Block: Buckler           |       |       |       |     1 ||     1

Table legend: (Time is in decaauts)
 A = Elapsed time spent in this place.
 B = Non-inter-level travel time spent in this place.
 C = Inter-level travel time spent in this place.
 D = Time resting spent in this place.
 E = Time spent auto-exploring this place.
 F = Levels seen in this place.
 G = Mean time per level.
                   A        B        C        D        E       F      G
               +--------+--------+--------+--------+--------+-----+--------+
         Total |  17501 |  16678 |    823 |   3891 |  10747 |  15 | 1166.7 |
       Dungeon |  16634 |  15811 |    823 |   3532 |  10510 |  11 | 1512.2 |
        Temple |     14 |     14 |      0 |      0 |      0 |   1 |   14.0 |
          Lair |     57 |     57 |      0 |      0 |      0 |   1 |   57.0 |
         Sewer |    465 |    465 |      0 |    172 |    237 |   1 |  465.0 |
      Gauntlet |    328 |    328 |      0 |    187 |      0 |   1 |  328.0 |
               +--------+--------+--------+--------+--------+-----+--------+

Top non-repeatable levels by time:
     D:9: 2384 daAuts
     D:2: 1859 daAuts
     D:5: 1782 daAuts
    D:11: 1655 daAuts
     D:8: 1545 daAuts
     D:7: 1544 daAuts
    D:10: 1291 daAuts
     D:1: 1282 daAuts
     D:4: 1128 daAuts
     D:3: 1124 daAuts
     D:6: 1036 daAuts
   Sewer: 465 daAuts
Gauntlet: 328 daAuts
  Lair:1: 57 daAuts
  Temple: 14 daAuts
